 Dungeon Crawl Stone Soup version 0.31-a0-188-g5e087ee2ca (webtiles) character file.

Game seed: 9631342531345096475

1354 qw the Skirmisher (level 8, -3/46 HPs)
             Began as a Deep Elf Hunter on June 23, 2023.
             Slain by Duvessa
             ... wielding a +0 short sword
              (7 damage)
             ... on level 6 of the Dungeon.
             The game lasted 00:01:51 (4177 turns).

qw the Skirmisher (Deep Elf Hunter)                 Turns: 4177, Time: 00:01:52

Health: -3/46      AC:  9    Str: 10    XL:     8   Next: 37%
Magic:  0/10       EV: 17    Int: 17    God:
Gold:   267        SH:  0    Dex: 18    Spells: 7/7 levels left

rFire   + . .        Y - +1 arbalest
rCold   + . .        (shield currently unavailable)
rNeg    . . .        i - +0 ring mail
rPois   .            b - +0 helmet
rElec   .            (no cloak)
rCorr   .            (no gloves)
SInv    .            d - +2 pair of boots of Blue Skies {+Inv rF+ rC+ Int+2}
Will    +....        f - amulet of guardian spirit
Stlth   +            n - +5 ring of evasion
HPRegen 0.27/turn    l - ring of willpower
MPRegen 0.12/turn

%: guardian spirit
@: about to teleport
A: no striking features
a: Evoke Invisibility


You were on level 6 of the Dungeon.
You visited 2 branches of the dungeon, and saw 8 of its levels.

You collected 267 gold pieces.


   Skills:
 - Level 3.3 Fighting
 + Level 12.5 Ranged Weapons
 - Level 1.3 Armour
 - Level 4.6 Dodging
 - Level 1.2 Stealth


You had 7 spell levels left.
You didn't know any spells.
Your spell library was empty.

Inventory:

Hand Weapons
 Y - a +1 arbalest (weapon)
Armour
 b - a +0 helmet (worn)
 d - the +2 pair of boots of Blue Skies (worn) {+Inv rF+ rC+ Int+2}
   (You acquired it on level 3 of the Dungeon)

   Int:       It affects your intelligence (+2).
   rF:        It protects you from fire.
   rC:        It protects you from cold.
   +Inv:      It lets you turn invisible.
 i - a +0 ring mail (worn)
Jewellery
 a - a +6 ring of strength
 f - an amulet of guardian spirit (around neck)
 l - a ring of willpower (right hand)
 n - a +5 ring of evasion (left hand)
Scrolls
 e - 2 scrolls of identify
Potions
 h - a potion of enlightenment
 j - a potion of heal wounds
 k - a potion of curing {unknown}

Dungeon Overview and Level Annotations

Branches:
Dungeon (7/15)             Temple (1/1) D:5

Altars:
Ashenzari
Cheibriados
Dithmenos
Elyvilon
Fedhas
Gozag
Hepliaklqana
Kikubaaqudgha
Nemelex Xobeh
Qazlal
Ru
Sif Muna
Trog
Uskayaw
Vehumet
Xom
Yredelemnul
Zin
The Shining One

Annotations:
D:3 2 transporters, 1 runed translucent door, Crazy Yiuf; qw's ghost, amateur DEHu
D:6 Duvessa


Message History

Enter note:
Enter note:
Enter note:
Enter note:
Enter note:
Enter note:
Enter note:
Enter note:
Enter note: You shoot a bolt.
The bolt closely misses Dowan.
Dowan says, "Stay away from my face!"
You shoot a bolt. The bolt hits Dowan but does no damage.
Duvessa, Sister of Dowan comes into view.
She is wielding a +0 short sword.
You shoot a bolt. The bolt closely misses Dowan.
The bolt barely misses Duvessa.
You shoot a bolt. The bolt hits Dowan!
Dowan is heavily wounded.
Dowan misses you.
You shoot a bolt. The bolt hits Dowan!
Dowan is almost dead.
Dowan gestures at you while chanting. You resist with almost no effort.
You shoot a bolt. The bolt hits Dowan!
You kill Dowan!
Duvessa screams, "No!
How DARE you!"
Duvessa goes berserk!
Duvessa hits you with a +0 short sword!
You shoot a bolt.
The bolt hits Duvessa but does no damage.
Duvessa hits you with a +0 short sword. Duvessa closely misses you.
You shoot a bolt. The bolt barely misses Duvessa.
Duvessa misses you. Duvessa hits you with a +0 short sword!
You shoot a bolt. The bolt hits Duvessa!
Duvessa is lightly wounded.
Duvessa hits you with a +0 short sword. x2
Duvessa hits you with a +0 short sword!
4177 ||| READING scroll of teleportation.
As you read the scroll of teleportation, it crumbles to dust.
You feel strangely unstable. Duvessa hits you with a +0 short sword!
You die...

#.... #######.... #
........... ..
#########.... ...
.........#.## ..#.
######.##.## .....
#.#....
......############.#..##
......e@....>......#..#
...................#..#
.....#############.#..#
#### #.#..# #.#..#
#.#..# #.#..# #.#..#
#.#.<##


You could see Duvessa (berserk).

Vanquished Creatures
  2 ice beasts
  2 ogres
  2 centaurs (D:6)
  A phantom (D:5)
  2 scorpions
  Dowan (D:6)
  5 hounds
  A gnoll bouda (D:5)
  2 iguanas
  A sleepcap (D:6)
  4 orc wizards
  5 gnolls (D:5)
  9 adders
  A shadow imp (D:6)
  An ufetubus (D:6)
  A worm (D:2)
  11 orcs
  6 ball pythons
  3 endoplasms
  7 giant cockroaches
  6 goblins
  9 hobgoblins
  2 jackals (D:4)
  9 kobolds
  3 quokkas
  8 bats
  6 frilled lizards
  15 rats
125 creatures vanquished.

Notes
Turn   | Place    | Note
-------+----------+-------------------------------------------
     0 | D:1      | qw the Deep Elf Hunter began the quest for the Orb.
     0 | D:1      | Reached XP level 1. HP: 12/12 MP: 3/3
     0 | D:1      | 0 ||| qw: Version: 0.3-a-9-g12657ce
     0 | D:1      | 0 ||| qw: Game counter: 3805
     0 | D:1      | 0 ||| qw: Always use a shield: true
     0 | D:1      | 0 ||| qw: God list: Okawaru
     0 | D:1      | 0 ||| qw: Allow faded altars: false
     0 | D:1      | 0 ||| qw: Do Orc after D:15 true
     0 | D:1      | 0 ||| qw: Do second Lair branch before Depths: true
     0 | D:1      | 0 ||| qw: Lair rune preference: random
     0 | D:1      | 0 ||| qw: Plans: Normal
     0 | D:1      | 0 ||| PLANNING D:1-11
   155 | D:1      | Reached XP level 2. HP: 16/16 MP: 4/4
   166 | D:1      | Reached skill level 6 in Ranged Weapons
   313 | D:1      | Reached XP level 3. HP: 20/20 MP: 5/5
   711 | D:1      | 711 ||| READING scroll labelled MACIWA NEITYU.
   712 | D:1      | 712 ||| READING 2 scrolls labelled RUUHIPO KIUZE.
   713 | D:1      | 713 ||| DROPPING scroll of butterflies.
   792 | D:2      | Reached skill level 7 in Ranged Weapons
   895 | D:2      | Reached XP level 4. HP: 11/25 MP: 6/6
  1047 | D:2      | 1047 ||| SWAPPING to +0 arbalest.
  1048 | D:2      | 1048 ||| DROPPING +0 shortbow.
  1111 | D:2      | 1111 ||| UPGRADING to +0 helmet.
  1116 | D:2      | 1116 ||| UPGRADING to +0 scale mail.
  1126 | D:2      | 1126 ||| DROPPING +0 leather armour.
  1127 | D:2      | 1127 ||| READING scroll labelled OPU LUPLOMAMNI.
  1128 | D:2      | 1128 ||| READING scroll labelled GIARCH RULIY.
  1129 | D:2      | 1129 ||| READING 3 scrolls labelled JOGGOA LICIVIL.
  1130 | D:2      | 1130 ||| DROPPING 2 scrolls of noise.
  1132 | D:2      | 1132 ||| Stepping ~*~*~tactically~*~*~ (cloud).
  1252 | D:3      | Found a radiant altar of Vehumet.
  1298 | D:3      | Reached skill level 8 in Ranged Weapons
  1349 | D:3      | Found a transporter.
  1351 | D:3      | Noticed qw's ghost (amateur DEHu)
  1391 | D:3      | Found a transporter.
  1396 | D:3      | Found a hazy altar of Hepliaklqana.
  1611 | D:3      | Found a runed translucent door.
  1612 | D:3      | Noticed Crazy Yiuf
  1687 | D:3      | Identified the +1 robe of Ugext {*Corrode rElec Regen+}
  1816 | D:3      | 1816 ||| UPGRADING to +0 ring mail.
  1826 | D:3      | 1826 ||| DROPPING +0 scale mail.
  1827 | D:3      | 1827 ||| DROPPING +1 robe of Ugext {*Corrode rElec Regen+}.
  1828 | D:3      | 1828 ||| UPGRADING to ring of willpower.
  1829 | D:3      | 1829 ||| READING scroll labelled AROAWI ILONURU.
  1829 | D:3      | Identified a scroll of acquirement
  1829 | D:3      | 1829 ||| ACQUIRING +2 pair of boots of Blue Skies {+Inv rF+
                  | rC+ Int+2}
  1829 | D:3      | Acquired the +2 pair of boots of Blue Skies {+Inv rF+ rC+
                  | Int+2}
  1831 | D:3      | 1831 ||| UPGRADING to +2 pair of boots of Blue Skies {+Inv
                  | rF+ rC+ Int+2}.
  1836 | D:3      | 1836 ||| READING scroll labelled ROTYME RARYANAA.
  1837 | D:3      | 1837 ||| READING scroll labelled JATOKHL KOHEURCH.
  1955 | D:4      | Noticed an ice beast
  1995 | D:4      | Killed an ice beast
  1996 | D:4      | Reached skill level 9 in Ranged Weapons
  1996 | D:4      | Reached XP level 5. HP: 29/29 MP: 7/7
  2075 | D:4      | Reached XP level 6. HP: 35/35 MP: 8/8
  2082 | D:4      | Identified the +0 robe of Eternal Night {-Tele rCorr Dex+3
                  | Archmagi}
  2105 | D:4      | Reached skill level 1 in Armour
  2365 | D:4      | Found a glowing golden altar of the Shining One.
  2424 | D:4      | 2424 ||| DROPPING +0 robe of Eternal Night {-Tele rCorr
                  | Dex+3 Archmagi}.
  2425 | D:4      | 2425 ||| UPGRADING to amulet of guardian spirit.
  2430 | D:4      | 2430 ||| DROPPING ring of flight.
  2431 | D:4      | 2431 ||| READING 2 scrolls labelled LUKKAU QEKEDD.
  2432 | D:4      | 2432 ||| READING scroll labelled CIUMUXT UNNI.
  2433 | D:4      | 2433 ||| READING 3 scrolls of identify.
  2433 | D:4      | 2433 ||| IDENTIFYING lumpy orange potion
  2434 | D:4      | 2434 ||| READING 2 scrolls of identify.
  2434 | D:4      | 2434 ||| IDENTIFYING fizzy red potion
  2435 | D:4      | 2435 ||| DROPPING potion of degeneration.
  2436 | D:4      | 2436 ||| DROPPING scroll of amnesia.
  2464 | D:5      | Entered Level 5 of the Dungeon
  2473 | D:5      | 2473 ||| Stepping ~*~*~tactically~*~*~ (outnumbered).
  2479 | D:5      | HP: 7/35 [iguana (2)]
  2480 | D:5      | 2480 ||| READING 2 scrolls of teleportation.
  2481 | D:5      | HP: 2/35 [gnoll/+0 spear[a gnoll bouda] (3)]
  2643 | D:5      | 2643 ||| Stepping ~*~*~tactically~*~*~ (outnumbered).
  2654 | D:5      | Reached skill level 10 in Ranged Weapons
  2758 | D:5      | Found a staircase to the Ecumenical Temple.
  2759 | D:5      | 2759 ||| PLANNING TEMPLE
  2759 | D:5      | 2759 ||| READING scroll labelled TOWKAEXTIASE.
  2760 | D:5      | 2760 ||| DRINKING 2 yellow potions.
  2770 | Temple   | Entered the Ecumenical Temple
  2895 | Temple   | 2895 ||| PLANNING D:1-11
  2939 | D:5      | Reached skill level 3 in Dodging
  2939 | D:5      | Reached XP level 7. HP: 40/40 MP: 9/9
  2997 | D:5      | You fall into a shaft and drop 2 floors!
  3068 | D:7      | 3068 ||| UPGRADING to +6 ring of strength.
  3069 | D:7      | 3069 ||| UPGRADING to +5 ring of evasion.
  3071 | D:7      | 3071 ||| UPGRADING to ring of willpower.
  3073 | D:7      | 3073 ||| READING scroll labelled JAIKISOVEGU.
  3074 | D:7      | 3074 ||| READING scroll labelled YLIEH FUSAMMOSK.
  3218 | D:6      | Reached skill level 11 in Ranged Weapons
  3396 | D:6      | HP: 10/40 [centaur/arrow (5)]
  3397 | D:6      | 3397 ||| READING scroll of teleportation.
  3397 | D:6      | HP: 3/40 [centaur/arrow (7)]
  3398 | D:6      | 3398 ||| DRINKING 2 potions of heal wounds.
  3629 | D:5      | Reached skill level 12 in Ranged Weapons
  3629 | D:5      | Reached XP level 8. HP: 44/44 MP: 10/10
  3718 | D:5      | Found a bloodstained altar of Trog.
  3852 | D:5      | 3852 ||| DRINKING 2 sapphire potions.
  3855 | D:5      | 3855 ||| DROPPING potion of ambrosia.
  3925 | D:6      | Reached skill level 3 in Fighting
  4167 | D:6      | Noticed Dowan
  4169 | D:6      | Noticed Duvessa
  4173 | D:6      | Killed Dowan
  4176 | D:6      | HP: 11/46 [Duvessa/+0 short sword (5)]
  4176 | D:6      | HP: 3/46 [Duvessa/+0 short sword (8)]
  4177 | D:6      | 4177 ||| READING scroll of teleportation.
  4177 | D:6      | Slain by Duvessa

Levels and vault maps discovered:
D:1:      dpeg_arrival_water_fire, layout_basic, minmay_rat_gold_closets
D:2:      layout_basic
D:3:      layout_rooms, vehumet_crystals, lemuel_crystal_altar,
          gammafunk_ghost_mausoleum, uniq_crazy_yiuf_cottage
D:4:      layout_rooms, nicolae_tso_swordbearing_angel, kennysheep_boxes
D:5:      layout_cave_pools, trog_butcher_becter, temple_pool_b
D:6:      cheibrodos_fertilizer, layout_basic, uniq_menkaure, uniq_duvessa
D:7:      layout_basic, demons_altar, ebering_ghost_disaster_area,
          enter_bailey_6
Temple:   regret_index_temple_waves

Skill      XL: |  1  2  3  4  5  6  7  8 |
---------------+-------------------------+-----
Ranged Weapons | 6 7 9 10 12 | 12.5
Fighting       | 2 3 |  3.3
Armour         | 1 |  1.3
Dodging        | 3 4 |  4.6
Stealth        | |  1.2

Action                     |  1- 3 |  4- 6 |  7- 9 || total
---------------------------+-------+-------+-------++-------
   Fire: Shortbow          |    99 |     5 |       ||   104
         Arbalest          |       |   119 |   109 ||   228
    Use: Scroll            |     2 |    12 |     4 ||    18
         Potion            |       |     1 |     2 ||     3
 Armour: Leather armour    |     6 |       |       ||     6
         Scale mail        |       |    13 |       ||    13
         Ring mail         |       |    16 |    22 ||    38
  Dodge: Dodged            |    21 |    45 |    75 ||   141

Table legend:
 A = Non-vault XP
 B = Vault XP
 C = Vault XP percentage of total XP
 D = Non-vault monster count
 E = Vault monster count
 F = Vault count percentage of total count
                 A         B        C        D         E       F
            +---------+---------+-------+---------+---------+-------
      Total |    1853 |      82 |   4.2 |     112 |      13 |  10.4
            +---------+---------+-------+---------+---------+-------
        D:1 |      44 |       8 |  15.4 |      26 |       8 |  23.5
        D:2 |      66 |       0 |   0.0 |      17 |       0 |   0.0
        D:3 |      66 |       0 |   0.0 |      16 |       0 |   0.0
        D:4 |     284 |       0 |   0.0 |      17 |       0 |   0.0
        D:5 |     556 |       7 |   1.2 |      17 |       4 |  19.0
        D:6 |     837 |      67 |   7.4 |      19 |       1 |   5.0
            +---------+---------+-------+---------+---------+-------
